 Dungeon Crawl Stone Soup version 0.30-a0-726-gd89dcf765f (webtiles) character file.

Game seed: 7928136694894328803

791 kae the Geomancer (level 7, -1/36 HPs)
             Began as a Gargoyle Earth Elementalist on Jan 29, 2023.
             Killed by an exploding Edmund (14 damage)
             ... ignited by their inner flame
             ... on level 5 of the Dungeon.
             The game lasted 00:04:15 (4123 turns).

kae the Geomancer (Gargoyle Earth Elementalist)     Turns: 4123, Time: 00:04:16

Health: -1/36      AC: 11    Str: 12    XL:     7   Next: 88%
Magic:  11/13      EV: 11    Int: 17    God:
Gold:   227        SH:  0    Dex: 10    Spells: 8/14 levels left

rFire   + . .      SeeInvis +    n - +0 club (spect)
rCold   . . .      Faith    .    (no shield)
rNeg    + . .      Spirit   .    a - +0 robe rPois โˆž Reflect .
                                 o - +0 helmet
rElec   +          Harm     .    y - +2 cloak
rCorr   .          Rampage  .    i - +0 pair of gloves
Will    .....                    (no boots)
Stlth   ++                       (no amulet)
HPRegen 0.26/turn                F - ring of protection from fire
MPRegen 0.13/turn                v - ring of see invisible

@: no status effects
A: sickness immunity, AC +4, negative energy resistance 1, electricity
resistance, torment resistance 1, petrification resistance
a: no special abilities


You were on level 5 of the Dungeon.
You visited 1 branch of the dungeon, and saw 5 of its levels.

You collected 227 gold pieces.


Innate Abilities, Weirdness & Mutations

You are immune to sickness and miasma.
Your stone body is resilient. (AC +4)
You are immune to poison.
You resist negative energy. (rN+)
You are resistant to electric shocks. (rElec)
You are resistant to unholy torment.
You are immune to petrification.


   Skills:
 - Level 1.5 Dodging
 - Level 2.1 Stealth
 + Level 4.4 Spellcasting
 + Level 3.4 Conjurations
 - Level 0.7 Transmutations
 * Level 8.5 Earth Magic


You had 8 spell levels left.
You knew the following spells:

 Your Spells              Type           Power      Damage    Failure   Level
a - Sandblast             Erth           64%        2d14      1%          1
b - Passwall              Tmut/Erth      15%        N/A       3%          2
c - Stone Arrow           Conj/Erth      48%        3d10      3%          3

Your spell library contained the following spells:

 Spells                   Type           Power      Damage    Failure   Level
 Apportation              Tloc           6%         N/A       16%         1
 Ensorcelled Hibernation  Hex/Ice        6%         N/A       22%         2
 Petrify                  Tmut/Erth      19%        N/A       22%         4
 Spider Form              Tmut/Pois      5%         N/A       36%         3
 Summon Guardian Golem    Hex/Summ       3%         N/A       41%         3
 Anguish                  Hex/Necr       1%         N/A       83%         4
 Dispel Undead            Necr           3%         3d7       83%         4
 Alistair's Intoxication  Tmut/Pois      3%         N/A       98%         5
 Death Channel            Necr           1%         N/A       100%        6
 Orb of Destruction       Conj           7%         9d6       100%        7
 Spellforged Servitor     Conj/Summ      4%         N/A       100%        7
 Cigotuvi's Dreadful Rot  Necr/Pois/Air  Unusable   N/A       N/A         2

Inventory:

Hand Weapons
 k - a +0 dagger
   (You took it off a goblin on level 2 of the Dungeon)
 n - a +0 spectral club (weapon)
   (You took it off Robin on level 2 of the Dungeon)
Missiles
 c - 47 stones
 x - 8 poisoned darts
Armour
 a - a +0 robe (worn)
 i - a +0 pair of gloves (worn)
   (You found it on level 1 of the Dungeon)
 o - a +0 helmet (worn)
   (You took it off Robin on level 2 of the Dungeon)
 y - a +2 cloak (worn)
   (You found it on level 5 of the Dungeon)
Jewellery
 v - a ring of see invisible (right hand)
   (You found it on level 4 of the Dungeon)
 F - a ring of protection from fire (left hand)
   (You found it on level 1 of the Dungeon)
Wands
 q - a wand of flame (10)
   (You took it off Ijyb on level 5 of the Dungeon)
Scrolls
 e - a scroll of poison
 f - 2 scrolls of fog
 h - 2 scrolls of teleportation {@r4}
 j - a scroll of immolation {!r!r}
 m - a scroll of vulnerability {!r!r}
 t - a scroll of amnesia
Potions
 b - a potion of magic
 d - 6 potions of curing {@q1}
 g - a potion of cancellation {unknown}
 l - 2 potions of flight {unknown}
 p - 2 potions of lignification {!q}
 r - a potion of attraction {!q}
 s - 2 potions of brilliance
 u - a potion of ambrosia
 w - a potion of heal wounds {@q2}
 z - a potion of mutation {!q}

Dungeon Overview and Level Annotations

Branches:
Dungeon (5/15) Zot: 25414
 Temple: D:4-7

Altars:
Okawaru
Trog

Annotations:
D:3 1 runed translucent door, Crazy Yiuf
D:5 Grinder

#<..........#
#...........#
#............
#............
##.########.. #.# #..
###<##########
#########.<........# #
#....@ยงยฐยง..........###
#########.............
#.............
#.............
###########... #...
######... #........
#........


There were no monsters in sight!


Message History

The scorpion attacks as you move away!
The scorpion barely misses you. ๐Ÿ˜Ž HP[+1]
Your hp is fully restored (36).
The scorpion attacks as you move away!
The scorpion stings you but does no damage.
The jackal attacks as you move away! The jackal barely misses you. x2
The scorpion attacks as you move away!
The scorpion stings you but does no damage.
The jackal attacks as you move away! The jackal closely misses you.
There is a stone staircase leading up here.
The jackal bites you.
The jackal bites you but does no damage.
You climb upwards.
There is a stone staircase leading down here.
Casting: Sandblast (safe; 1% risk of failure)
Confirm with . or Enter, or press ? or * to list all spells.
Aiming: Sandblast (safe; 1% risk of failure)
Press: ? - help, Shift-Dir - straight line, f - jackal
Aim: a jackal (80% to hit)
The blast of sand hits the jackal!
You kill the jackal! ๐Ÿ˜Ž MP[-1]
You lost 1 mp, and now have 12/13 mp.
Casting: Sandblast (safe; 1% risk of failure)
Confirm with . or Enter, or press ? or * to list all spells.
You can't see any susceptible monsters within range! (Use Z to cast anyway.)
Casting: Sandblast (safe; 1% risk of failure)
Confirm with . or Enter, or press ? or * to list all spells.
You can't see any susceptible monsters within range! (Use Z to cast anyway.)
There is a stone staircase leading down here. ๐Ÿ˜Ž MP[+1]
Your mp is fully restored (13).
You climb downwards.
Level annotation: Edmund, Grinder The scorpion stings you but does no damage.
The scorpion closely misses you.
Edmund hits you with a +1 dire flail of distortion!
Space warps horribly around you!!
Ouch! That really hurt!
* * * LOW HITPOINT WARNING * * *
There is a stone staircase leading up here.
Edmund attacks as you move away!
Edmund hits you but does no damage. ๐Ÿ˜ฑ HP[-35]
You take 35 damage, and now have 1/36 hp.
MASSIVE DAMAGE!! (PAUSE) Unknown command.
The scorpion stings you but does no damage.
Okay, then.
Okay, then.
Okay, then. ๐Ÿ˜ฑ HP[+1]
You feel much better.
The scorpion closely misses you. ๐Ÿ˜ฎ HP[+25]
You regained 25 hp, and now have 27/36 hp.
Okay, then.
Okay, then.
Okay, then.
Okay, then.
Okay, then.
Okay, then.
Okay, then.
Okay, then.
Really read
j - 2 scrolls of immolation {!r!r}?
Really read the scroll of immolation?
As you read the scroll of immolation {!r!r}, it crumbles to dust.
The creatures around you are filled with an inner flame!
The scorpion stings you but does no damage. ๐Ÿ˜• HP[+1]
Casting: Sandblast (safe; 1% risk of failure)
Confirm with . or Enter, or press ? or * to list all spells.
Aiming: Sandblast (safe; 1% risk of failure)
Press: ? - help, Shift-Dir - straight line, f - scorpion
Aim: a scorpion (inner flame, 84% to hit)
The blast of sand hits the scorpion.
Flame seeps out of the scorpion.
The scorpion is engulfed in blazing flames.
Flame seeps out of the scorpion.
The scorpion barely misses you.
The scorpion is engulfed in blazing flames.
The scorpion explodes!
The fiery explosion engulfs you! You resist.
* * * LOW HITPOINT WARNING * * *
The fiery explosion engulfs Edmund!!
Flame seeps out of Edmund.
Edmund is engulfed in blazing flames.
Flame seeps out of Edmund. ๐Ÿ˜จ HP[-13] MP[-1]
You take 13 damage, and now have 15/36 hp.
MASSIVE DAMAGE!! (PAUSE)
You lost 1 mp, and now have 12/13 mp.
Unknown command.
Edmund attacks as you move away! Edmund hits you but does no damage.
Space warps around you.
* * * LOW HITPOINT WARNING * * *
Edmund is engulfed in blazing flames.
Flame seeps out of Edmund. ๐Ÿ˜จ HP[-2]
You take 2 damage, and now have 13/36 hp.
Casting: Sandblast (safe; 1% risk of failure)
Confirm with . or Enter, or press ? or * to list all spells.
Aiming: Sandblast (safe; 1% risk of failure)
Press: ? - help, Shift-Dir - straight line, f - Edmund
Aim: Edmund, wielding a +1 dire flail of distortion and wearing a +0 scale mail (flame, almost dead, inner flame, 86% to hit)
The blast of sand hits Edmund.
The fiery explosion engulfs you! You resist.
You die...

Skill      XL: |  1  2  3  4  5  6  7 |
---------------+----------------------+-----
Earth Magic    | 4 5 6 7 8 |  8.5
Spellcasting   | 3 4 |  4.4
Conjurations   | 1 2 3 |  3.4
Dodging        | |  1.5
Stealth        | |  2.1
Transmutations | |  0.7

Action                     |  1- 3 |  4- 6 |  7- 9 || total
---------------------------+-------+-------+-------++-------
  Melee: Dagger            |     9 |     3 |       ||    12
         Unarmed           |     7 |       |       ||     7
         Club              |       |     1 |       ||     1
   Cast: Sandblast         |    52 |    59 |    29 ||   140
    Use: Scroll            |       |       |    16 ||    16
         Potion            |       |       |     1 ||     1
   Stab: Sleeping          |       |     1 |       ||     1
 Armour: Robe              |    16 |    12 |    18 ||    46
  Dodge: Dodged            |    14 |    12 |    17 ||    43

Levels and vault maps discovered:
D:1:      amcnicky_arrival_double_pillar, layout_basic,
          shapermc_ecumenical_altar_venn
D:2:      layout_basic, basic_altar, minmay_misc_feat_five, uniq_robin
D:3:      layout_loops_corners, trog_three_pillars_becter, uniq_jessica,
          uniq_crazy_yiuf_cottage
D:4:      minmay_thinvault, layout_rooms
D:5:      layout_basic, minmay_manual_mess, uniq_edmund, uniq_duvessa,
          uniq_ijyb, uniq_grinder

Notes
Turn   | Place    | Note
-------+----------+-------------------------------------------
     0 | D:1      | kae the Gargoyle Earth Elementalist began the quest for the
                  | Orb.
     0 | D:1      | Reached XP level 1. HP: 10/10 MP: 3/3
    23 | D:1      | You pick up a book of Dreams and begin reading...
    23 | D:1      | You add the spells Ensorcelled Hibernation, Spider Form and
                  | Anguish to your library.
    24 | D:1      | magus.rc [v1.11.3]
   152 | D:1      | Reached skill level 4 in Earth Magic
   174 | D:1      | Reached XP level 2. HP: 15/15 MP: 3/5
   241 | D:1      | You pick up a book of Party Tricks and begin reading...
   241 | D:1      | You add the spells Apportation and Alistair's Intoxication
                  | to your library.
   477 | D:1      | Found a faded altar of an unknown god.
   915 | D:2      | Reached XP level 3. HP: 19/19 MP: 2/6
   918 | D:2      | Learned a level 2 spell: Passwall
   922 | D:2      | Learned a level 3 spell: Stone Arrow
   938 | D:2      | Found an iron altar of Okawaru.
  1152 | D:2      | Noticed Robin
  1168 | D:2      | Reached skill level 5 in Earth Magic
  1396 | D:2      | Killed Robin
  1397 | D:2      | Reached XP level 4. HP: 14/24 MP: 0/8
  1911 | D:3      | Found a runed translucent door.
  1912 | D:3      | Noticed Crazy Yiuf
  2165 | D:3      | Found a bloodstained altar of Trog.
  2171 | D:3      | Noticed Jessica
  2173 | D:3      | Killed Jessica
  2174 | D:3      | Reached skill level 3 in Spellcasting
  2226 | D:3      | Reached XP level 5. HP: 28/28 MP: 7/9
  2551 | D:3      | You fall into a shaft and drop 2 floors!
  2551 | D:5      | Entered Level 5 of the Dungeon
  2577 | D:4      | Reached skill level 6 in Earth Magic
  2980 | D:4      | You pick up a book of Decay and begin reading...
  2980 | D:4      | You add the spells Dispel Undead and Death Channel to your
                  | library.
  2993 | D:4      | Reached skill level 1 in Conjurations
  2993 | D:4      | Reached XP level 6. HP: 32/32 MP: 7/11
  3207 | D:4      | Reached skill level 7 in Earth Magic
  3454 | D:4      | Reached skill level 2 in Conjurations
  3495 | D:4      | Reached XP level 7. HP: 28/36 MP: 9/12
  3539 | D:4      | Reached skill level 4 in Spellcasting
  3591 | D:4      | You pick up a book of Dangerous Friends and begin
                  | reading...
  3591 | D:4      | You add the spells Summon Guardian Golem, Orb of
                  | Destruction and Spellforged Servitor to your library.
  3804 | D:5      | Noticed Ijyb
  3818 | D:5      | Killed Ijyb
  3856 | D:5      | Noticed Edmund
  3877 | D:5      | Noticed Dowan
  3890 | D:5      | Noticed Duvessa
  3896 | D:5      | Killed Duvessa
  3897 | D:5      | Reached skill level 8 in Earth Magic
  3900 | D:5      | Reached skill level 3 in Conjurations
  3905 | D:5      | Killed Dowan
  3986 | D:5      | Noticed Grinder
  4114 | D:5      | HP: 1/36 [Edmund/+1 dire flail of distortion (22)]
  4123 | D:5      | Killed Edmund
  4123 | D:5      | Killed by an exploding Edmund... ignited by their inner
                  | flame

Vanquished Creatures
  Edmund (D:5)
  Duvessa (D:5)
  An ogre (D:4)
  A necrophage (D:4)
  3 scorpions
  Dowan (D:5)
  A hound (D:4)
  A jelly (D:4)
  Jessica (D:3)
  2 iguanas (D:4)
  Ijyb (D:5)
  An orc wizard (D:4)
  Robin (D:2)
  3 adders
  An ufetubus (D:5)
  A worm (D:2)
  3 dart slugs (D:4)
  6 endoplasms
  2 giant cockroaches
  12 goblins
  12 hobgoblins
  2 jackals
  6 quokkas
  8 ball pythons
  6 bats
  A frilled lizard (D:1)
  11 kobolds
  4 rats
94 creatures vanquished.

Table legend:
 A = Non-vault XP
 B = Vault XP
 C = Vault XP percentage of total XP
 D = Non-vault monster count
 E = Vault monster count
 F = Vault count percentage of total count
                 A         B        C        D         E       F
            +---------+---------+-------+---------+---------+-------
      Total |     483 |     821 |  63.0 |      63 |      31 |  33.0
            +---------+---------+-------+---------+---------+-------
        D:1 |      28 |       0 |   0.0 |      17 |       0 |   0.0
        D:2 |      38 |      34 |  47.2 |      15 |      11 |  42.3
        D:3 |      33 |      37 |  52.9 |      13 |       1 |   7.1
        D:4 |     203 |     325 |  61.6 |      14 |      15 |  51.7
        D:5 |     181 |     425 |  70.1 |       4 |       4 |  50.0
            +---------+---------+-------+---------+---------+-------

Illustrated notes

Table legend:
 A = Kills in this place as a percentage of kills in entire the game.
 B = Kills by you in this place as a percentage of kills by you in the entire game.
 C = Kills by friends in this place as a percentage of kills by friends in the entire game.
 D = Other kills in this place as a percentage of other kills in the entire game.
 E = Experience gained in this place as a percentage of experience gained in the entire game.
 F = Experience gained in this place divided by the number of levels of this place that you have seen.
                   A       B       C       D       E      F
               +-------+-------+-------+-------+-------+----------------------
         Total | 100.0 | 100.0 |   N/A |   N/A | 100.0 | 260.8
       Dungeon | 100.0 | 100.0 |   N/A |   N/A | 100.0 | 260.8
               +-------+-------+-------+-------+-------+----------------------

Table legend: (Time is in decaauts)
 A = Elapsed time spent in this place.
 B = Non-inter-level travel time spent in this place.
 C = Inter-level travel time spent in this place.
 D = Time resting spent in this place.
 E = Time spent auto-exploring this place.
 F = Levels seen in this place.
 G = Mean time per level.
                   A        B        C        D        E       F      G
               +--------+--------+--------+--------+--------+-----+--------+
         Total |   4193 |   4049 |    144 |    101 |   3337 |   5 |  838.6 |
       Dungeon |   4193 |   4049 |    144 |    101 |   3337 |   5 |  838.6 |
               +--------+--------+--------+--------+--------+-----+--------+

Top non-repeatable levels by time:
     D:3: 1053 daAuts
     D:4: 963 daAuts
     D:2: 892 daAuts
     D:1: 856 daAuts
     D:5: 427 daAuts
